 Dungeon Sprint DCSS version 0.21.1-1-g345015f (webtiles) character file.

296 Fang the Fighter (level 6, -2/46 HPs)
             Began as a Gargoyle Berserker on July 23, 2018.
             Was an Elder of Trog.
             Slain by a bullfrog (3 damage)
             ... while paralysed by a floating eye
             ... in the Dungeon (Sprint VII: "The Pits").
             The game lasted 00:02:07 (538 turns).

Fang the Fighter (Gargoyle Berserker)                Turns: 538, Time: 00:02:07

Health: -2/46      AC:  6    Str: 22    XL:     6   Next: 35%
Magic:  6/6        EV:  2    Int:  8    God:    Trog [****..]
Gold:   0          SH:  0    Dex:  9    Spells: 5/5 levels left

rFire    . . .     SeeInvis .   m - +4 hand axe (freeze)
rCold    . . .     Gourm    .   (no shield)
rNeg     + . .     Faith    .   b - +0 animal skin
rPois    ∞         Spirit   .   (no helmet)
rElec    +         Reflect  .   (no cloak)
rCorr    .         Harm     .   (no gloves)
MR       .....     NoTele   +   (no boots)
Stlth    +.........             (no amulet)
HPRegen  0.15/turn              (no ring)
MPRegen  0.10/turn              (no ring)

@: paralysed, berserk cooldown, slowed
A: negative energy resistance 1, electricity resistance, unbreathing,
petrification resistance, rot immunity, AC +4
a: Berserk, Trog's Hand, Brothers in Arms, Burn Spellbooks, Renounce Religion


You were in the Dungeon.
You worshipped Trog.
Trog was greatly pleased with you.
You were very hungry.

You visited 1 branch

Inventory:

Hand Weapons
 m - a +4 hand axe of freezing (weapon)
Armour
 b - a +0 animal skin (worn)
Scrolls
 i - a scroll of blinking
 k - 3 scrolls of remove curse
 l - a scroll of summoning
Potions
 a - 2 potions of invisibility
 d - 4 potions of curing
 e - 4 potions of heal wounds
 f - a potion of haste
 g - 4 potions of magic
 h - 3 potions of berserk rage
 n - a potion of flight {unknown}
Comestibles
 c - 9 rations


   Skills:
 + Level 9.1 Fighting
 + Level 8.2 Axes
 + Level 4.4 Armour
 + Level 4.0 Dodging
 + Level 0.3 Stealth


You had 5 spell levels left.
You didn't know any spells.

Dungeon Overview and Level Annotations

Branches:
Dungeon (1/1)

Altars:
Cheibriados
Dithmenos
Elyvilon
Fedhas
Gozag
Hepliaklqana
Makhleb
Nemelex Xobeh
Okawaru
Qazlal
Ru
Sif Muna
Trog
Vehumet
Wu Jian
Xom
Yredelemnul
Zin
The Shining One
Beogh
Jiyva
Lugonu


Innate Abilities, Weirdness & Mutations

You are resistant to torment.
Your stone body is resilient. (AC +4)
You are immune to poison.
You resist negative energy. (rN+)
You are resistant to electric shocks. (rElec)
You can survive without breathing.
You are immune to petrification.
You are immune to rotting.


Message History

The floating eye's stare focuses on you.
The gnoll sergeant misses you. The bullfrog completely misses you.
Unknown command.
Unknown command.
You feel better. The gnoll sergeant barely misses you.
The bullfrog hits you but does no damage.
The gnoll sergeant hits you from afar with a trident of pain!
* * * LOW HITPOINT WARNING * * *
You feel better. The bullfrog completely misses you.
The gnoll sergeant hits you from afar with a trident of pain.
* * * LOW HITPOINT WARNING * * *
The bullfrog hits you.
* * * LOW HITPOINT WARNING * * *
The floating eye gazes piercingly through you!
You suddenly lose the ability to move!
The bullfrog is no longer moving slowly.
The gnoll sergeant hits you from afar with a trident of pain.
* * * LOW HITPOINT WARNING * * *
The bullfrog hits you.
You die...

#...........'.....
#'#####)#####.....
#.#..#...'.##.....
#.#..#...#.#####'#
#.#..#####.##.....
#.#..÷...#.##.....
#.#..)...'.##.....
#.#..########...<.
#@#..'.)))[##.....
#F#..#.)))[##.....
#g###########.....
#ggg.l..# ######
#Gg.#g..# #...# .#
#.##. #.. #. #..
..


You could see a gnoll sergeant, a bullfrog, a floating eye and 3 gnolls.

Vanquished Creatures
  A floating eye (D)
  Blork the orc (D)
  A gnoll sergeant (D)
  A worker ant (D)
  3 gnolls (D)
  A leopard gecko (D)
  A giant cockroach (D)
  A hobgoblin (D)
  4 jackals (D)
  A giant cockroach zombie (D)
  A kobold (D)
16 creatures vanquished.

Vanquished Creatures (collateral kills)
  2 gnolls (D)
2 creatures vanquished.

Grand Total: 18 creatures vanquished

Notes
Turn   | Place    | Note
-------+----------+-------------------------------------------
     0 | D        | Fang the Gargoyle Berserker began the quest for the Orb.
     0 | D        | Reached XP level 1. HP: 14/14 MP: 1/1
    11 | D        | Noticed a floating eye
    16 | D        | Paralysed by a floating eye for 4 turns
    22 | D        | Killed a floating eye
    22 | D        | Reached skill level 6 in Fighting
    22 | D        | Reached skill level 5 in Axes
    22 | D        | Reached XP level 2. HP: 23/23 MP: 2/2
    22 | D        | Reached XP level 3. HP: 28/28 MP: 3/3
    22 | D        | Reached XP level 4. HP: 32/32 MP: 4/4
    27 | D        | Found a bloodstained altar of Trog.
    27 | D        | Found a deep blue altar of Sif Muna.
    27 | D        | Found a viscous altar of Jiyva.
    27 | D        | Found a hazy altar of Hepliaklqana.
    27 | D        | Found an opulent altar of Gozag.
    28 | D        | Found a glowing golden altar of the Shining One.
    28 | D        | Found a glowing silver altar of Zin.
    28 | D        | Found a basalt altar of Yredelemnul.
    28 | D        | Found a shimmering altar of Xom.
    28 | D        | Found an ornate altar of the Wu Jian Council.
    28 | D        | Found a sacrificial altar of Ru.
    28 | D        | Found a stormy altar of Qazlal.
    28 | D        | Found an iron altar of Okawaru.
    28 | D        | Found a sparkling altar of Nemelex Xobeh.
    28 | D        | Found a burning altar of Makhleb.
    28 | D        | Found a blossoming altar of Fedhas.
    28 | D        | Found a white marble altar of Elyvilon.
    28 | D        | Found a shadowy altar of Dithmenos.
    28 | D        | Found a snail-covered altar of Cheibriados.
    30 | D        | Found a radiant altar of Vehumet.
    30 | D        | Found a corrupted altar of Lugonu.
    30 | D        | Found a roughly hewn altar of Beogh.
    79 | D        | Reached ** piety under Trog
   101 | D        | Reached skill level 7 in Fighting
   101 | D        | Reached XP level 5. HP: 22/38 MP: 5/5
   236 | D        | Noticed Blork the orc
   236 | D        | Reached *** piety under Trog
   239 | D        | Reached **** piety under Trog
   249 | D        | Killed Blork the orc
   249 | D        | Reached skill level 8 in Fighting
   490 | D        | Noticed a floating eye
   492 | D        | Paralysed by a floating eye for 4 turns
   500 | D        | Reached XP level 6. HP: 45/45 MP: 6/6
   501 | D        | Paralysed by a floating eye for 4 turns
   510 | D        | Paralysed by a floating eye for 4 turns
   515 | D        | HP: 1/67 [gnoll sergeant/trident (7)]
   516 | D        | Reached skill level 9 in Fighting
   519 | D        | Paralysed by a floating eye for 4 turns
   526 | D        | Paralysed by a floating eye for 3 turns
   526 | D        | HP: 2/46 [gnoll/flail (3)]
   531 | D        | Paralysed by a floating eye for 3 turns
   534 | D        | HP: 2/46 [gnoll sergeant/trident of pain (5)]
   537 | D        | Paralysed by a floating eye for 2 turns
   538 | D        | Slain by a bullfrog

Skill      XL: |  1  2  3  4  5  6 |
---------------+-------------------+-----
Fighting       | 6 7 8 9 |  9.1
Axes           | 5 6 7 8 |  8.2
Armour         | 3 4 |  4.4
Dodging        | 2 3 4 |  4.0
Stealth        | |  0.3

Action                   |  1- 3 |  4- 6 || total
-------------------------+-------+-------++-------
Melee: Hand axe          |     7 |    51 ||    58
Invok: Berserk           |       |     2 ||     2
       Brothers in Arms  |       |     1 ||     1
  Use: Potion            |       |     4 ||     4
Armor: Animal skin       |       |    19 ||    19
Dodge: Dodged            |       |    36 ||    36
